AoeStats
← CNZS_carlar

Nomad

510583796Analyzed
4v4 RM · 1d ago on Oct 1, 2026· 37m 13s· 8 players
Game mode
Random Map
Map size
231×231
Population
200
Speed
Normal
Resources
Standard
Victory
Conquest
Starting age
Dark Age
Ending age
Imperial Age
RankedLock teamsTeams togetherTeam positionsShared explorationLock speedFull tech treeHidden civsTurbo modeCheats
Victory
Defeat
🇨🇱 Muisca · Chile
1256
+13
🇨🇳 Italians · China
1160
+17
🇵🇪 Persians · Peru
1096
+19
🇩🇪 Cumans · Germany
1086
+20
🇮🇹 Celts · Italy
1256
-21
🇦🇷 Italians · Argentina
1190
-18
🇩🇪 Spanish · Germany
1128
-15
🇹🇷 Danes · Türkiye
1119
-15
Sukundun
4:17 Loom
13:54 Feudal Age
14:40 Double-Bit Axe
15:31 Town Watch
20:14 Castle Age
19:33 Fletching
22:40 Bodkin Arrow
26:58 Padded Archer Armor
26:55 Horse Collar
30:28 Ballistics
31:04 Wheelbarrow
35:08 Imperial Age
35:32 Capped Ram
Crimson_Tide
5:21 Loom
35:02 Feudal Age
36:36 Wheelbarrow
36:34 Double-Bit Axe
JoDutz
15:05 Feudal Age
13:21 Loom
Galadh
4:32 Loom
13:10 Feudal Age
14:16 Double-Bit Axe
18:45 Castle Age
16:49 Stone Mining
19:25 Scale Mail Armor
20:20 Stone Shaft Mining
20:02 Bow Saw
22:23 Horse Collar
25:41 Forging
26:32 Chain Mail Armor
26:42 Gambesons
27:58 Iron Casting
30:07 Wheelbarrow
30:32 Heavy Plow
33:37 Hand Cart
33:26 Arson
35:26 Town Watch
38:18 Imperial Age
Koga
5:52 Loom
14:31 Feudal Age
15:31 Double-Bit Axe
15:40 Gold Mining
16:55 Fletching
22:56 Castle Age
21:10 Padded Archer Armor
21:02 Fishing Lines
23:33 Gillnets
24:02 Bow Saw
24:34 Medium Warships
26:12 Horse Collar
28:40 Wheelbarrow
29:44 Champi Runner
30:43 Hand Cart
31:20 Gold Shaft Mining
30:49 Heavy Plow
30:41 Stone Mining
30:55 Champi Warrior
32:02 Town Watch
32:59 Stone Shaft Mining
32:56 Squires
33:19 Town Patrol
35:49 Clinker Construction
37:27 Fervor
37:39 Sanctity
Strong
8:12 Loom
8:30 Loom
19:59 Feudal Age
21:36 Fletching
23:32 Double-Bit Axe
CNZS_carlar
11:52 Loom
14:39 Feudal Age
19:22 Castle Age
18:26 Double-Bit Axe
19:06 Fishing Lines
22:27 Gillnets
31:19 Imperial Age
31:05 Fletching
31:16 Padded Archer Armor
31:39 Ballistics
31:03 Treadmill Crane
31:40 Crossbowman
35:37 Thumb Ring
35:05 Arbalester
36:38 Bodkin Arrow
36:58 Leather Archer Armor
Ballermann
5:56 Loom
12:00 Feudal Age
12:53 Horse Collar
12:59 Double-Bit Axe
23:43 Castle Age
22:42 Wheelbarrow
23:01 Scale Barding Armor
23:07 Forging
23:05 Town Watch
23:15 Gold Mining
23:51 Bloodlines
24:17 Scale Mail Armor
25:53 Chain Barding Armor
26:14 Heavy Plow
26:47 Pikeman
30:29 Bow Saw
31:44 Iron Casting
36:05 Squires
35:51 Arson
36:22 Elite Skirmisher
Connection lost

Rejoining the realm…

Still unreachable

The connection could not be restored.

Session expired

The server has moved on; the page needs a fresh start.